 Dungeon Crawl Stone Soup version 0.26-b1-25-gafae2e710b (webtiles) character file.

Game seed: 7454731861611332990

6157 pokeman the Thaumaturge (level 10, 0/50 HPs)
             Began as a Deep Elf Hedge Wizard on Jan 3, 2021.
             Was a Believer of Vehumet.
             Slain by Urug
             ... wielding a +0 eveningstar of protection
              (7 damage)
             ... on level 10 of the Dungeon.
             The game lasted 00:40:45 (13533 turns).

pokeman the Thaumaturge (Deep Elf Hedge Wizard)    Turns: 13533, Time: 00:40:45

Health: 0/50       AC: 10    Str:  7    XL:     10   Next: 60%
Magic:  11/29      EV: 12    Int: 23    God:    Vehumet [**....]
Gold:   721        SH:  0    Dex: 14    Spells: 20/35 levels left

rFire    . . .     SeeInvis .   J - +1 short sword (venom)
rCold    . . .     Faith    .   (no shield)
rNeg     . . .     Spirit   .   L - +0 troll leather armour
rPois    .         Reflect  .   v - +2 helmet
rElec    .         Harm     .   e - scarf {repulsion}
rCorr    .         Rampage  .   (no gloves)
Will     +....     Rnd*Tele +   c - +0 pair of boots
Stlth    ++........             D - amulet of inaccuracy (curse)
HPRegen  0.56/turn              (no ring)
MPRegen  0.21/turn              (no ring)

@: repel missiles
A: molten scales 1, frail 1, teleportitis 1
a: Renounce Religion


You were on level 10 of the Dungeon.
You worshipped Vehumet.
Vehumet was pleased with you.
You visited 2 branches of the dungeon, and saw 11 of its levels.

You collected 721 gold pieces.

Inventory:

Hand Weapons
 A - a +0 shortbow
 J - a +1 short sword of venom (weapon)
Missiles
 l - 76 bolts
 p - 110 arrows
Armour
 c - a +0 pair of boots (worn)
 e - a scarf of repulsion (worn)
 v - a +2 helmet (worn)
 C - a +1 leather armour of cold resistance
 I - a +0 buckler
 L - a +0 troll leather armour (worn)
Jewellery
 D - a cursed amulet of inaccuracy (around neck)
Wands
 r - a wand of polymorph (19)
 u - a wand of iceblast (6)
 x - a wand of paralysis (12)
 G - a wand of random effects (9)
Scrolls
 b - 3 scrolls of random uselessness {unknown}
 f - 3 scrolls of enchant weapon {unknown}
 h - 8 scrolls of remove curse {unknown}
 i - 3 scrolls of teleportation {unknown}
 k - 10 scrolls of identify {unknown}
 m - 5 scrolls of magic mapping {unknown}
 o - a scroll of blinking {unknown}
 q - 4 scrolls of fear {unknown}
 s - 2 scrolls of noise {unknown}
 y - a scroll of enchant armour {unknown}
 F - a scroll of fog {unknown}
 H - a scroll of immolation {unknown}
Potions
 a - 4 potions of flight
 d - a potion of magic {unknown}
 g - 3 potions of haste
 j - 6 potions of curing {unknown}
 n - a potion of ambrosia {unknown}
 t - a potion of invisibility
 w - 2 potions of heal wounds
 z - 3 potions of lignification {unknown}
 B - a potion of cancellation
 E - 3 potions of resistance {unknown}
 M - a potion of might {unknown}
Miscellaneous
 K - a lightning rod (4/4)


   Skills:
 - Level 4.0 Fighting
 - Level 3.0 Armour
 - Level 3.1 Dodging
 - Level 3.0 Stealth
 + Level 2.0 Shields
 * Level 13.4 Spellcasting
 + Level 7.9 Conjurations
 - Level 1.1 Summonings
 - Level 1.1 Translocations
 + Level 7.1 Fire Magic
 - Level 1.0 Air Magic
 + Level 0.8 Earth Magic
 - Level 1.0 Poison Magic
 - Level 1.0 Evocations


You had 20 spell levels left.
You knew the following spells:

 Your Spells              Type           Power        Failure   Level
a - Magic Dart            Conj           100%         1%          1
b - Mephitic Cloud        Conj/Pois/Air  30%          4%          3
c - Call Imp              Summ           20%          5%          2
d - Blink                 Tloc           N/A          5%          2
e - Conjure Flame         Conj/Fire      50%          1%          3
f - Shock                 Conj/Air       100%         1%          1
g - Stone Arrow           Conj/Erth      70%          3%          3

Your spell library contained the following spells:

 Spells                   Type           Power        Failure   Level
 Inner Flame              Hex/Fire       31%          4%          3
 Dazzling Flash           Conj/Hex       66%          3%          3
 Sandblast                Erth           38%          4%          1
 Corona                   Hex            16%          6%          1
 Passwall                 Tmut/Erth      14%          8%          2
 Ensorcelled Hibernation  Hex/Ice        30%          9%          2
 Slow                     Hex            15%          9%          2
 Confusing Touch          Hex            15%          17%         3
 Tukima's Dance           Hex            15%          17%         3
 Petrify                  Tmut/Erth      17%          43%         4
 Lee's Rapid Deconstruct  Erth           9%           75%         5


Dungeon Overview and Level Annotations

Branches:
Dungeon (10/15)            Temple (0/1) D:6            Lair (0/6) D:8
    Orc (1/2) D:9

Altars:
Hepliaklqana
Makhleb
Nemelex Xobeh
Trog
Uskayaw
Vehumet
Xom
Zin
The Shining One

Shops:
D:9 :(

Annotations:
D:10 Urug


Innate Abilities, Weirdness & Mutations

You are partially covered in molten scales. (AC +2)
You are frail. (-10% HP)
You are occasionally teleported next to monsters.


Message History

Urug is engulfed in noxious fumes.
Urug appears confused.
You hit Urug.
Urug looks as sick as possible!
Urug is moderately wounded.
You barely miss Urug.
Urug is moderately wounded.
Urug hits you but does no damage.
You hit Urug but do no damage.
Urug looks as sick as possible!
Urug is moderately wounded.
You catch the helpless Urug completely off-guard!
You puncture Urug!
Urug looks as sick as possible!
Urug is heavily wounded.
Urug hits you with a +0 eveningstar of protection!
Casting: Mephitic Cloud (dangerous; 4% risk of failure)
Confirm with . or Enter, or press ? or * to list all spells.
The fire begins to smolder!
Urug seems less confused.
Urug hits you with a +0 eveningstar of protection!
* * * LOW HITPOINT WARNING * * *
Unknown command.
Urug hits you with a +0 eveningstar of protection!
You die...

Zl............####.####
.......#..............#
..#................####
###................#
#................#
#..###...........# #.##
#...........# ..#
#...........#
##.......§@..#
...>...§.o...#
≈≈≈≈≈...†....#
≈≈≈≈≈≈≈≈≈≈≈..#
≈≈.≈≈≈≈≈≈≈≈≈≈#
###...#≈≈≈≈≈≈≈≈
#...###≈≈≈≈≈≈≈≈ #...
##≈≈≈≈≈≈≈ #... ##≈≈≈≈≈≈


You could see Urug (extremely poisoned).

Vanquished Creatures
  A two-headed ogre (D:8)
  3 centaur zombies
  A troll (D:9)
  5 yaks (D:9)
  Edmund (D:5)
  5 orc warriors
  3 black bears
  3 ice beasts
  A necrophage (D:10)
  A phantom (D:4)
  2 centaurs
  5 ogres
  Blork the orc (D:5)
  5 bullfrogs
  7 scorpions
  A water moccasin skeleton (D:7)
  3 killer bees (D:7)
  An electric eel (D:10)
  4 howler monkeys
  A bullfrog zombie (D:5)
  2 hounds
  A jelly (D:5)
  A quasit (D:7)
  2 centaur skeletons
  8 orc priests
  A bullfrog skeleton (D:7)
  9 orc wizards
  Terence (D:3)
  2 iguanas
  Natasha (thrice) (D:3)
  A statue (D:5)
  6 worker ants
  2 hound skeletons
  2 worker ant zombies
  16 gnolls
  11 adders
  2 shadow imps
  A white imp (D:5)
  An ufetubus (D:7)
  An ooze (D:4)
  4 worms
  A dart slug (D:1)
  4 leopard geckos
  24 orcs
  8 bats
  14 giant cockroaches
  5 goblins
  6 hobgoblins
  15 kobolds
  A quokka (D:2)
  4 ball pythons
  8 frilled lizards
  A quokka skeleton (D:8)
  10 rats
232 creatures vanquished.

Vanquished Creatures (collateral kills)
  An orc (D:4)
1 creature vanquished.

Vanquished Creatures (others)
  An electric eel (D:10)
  8 fungi (D:8)
  10 plants
19 creatures vanquished.

Grand Total: 252 creatures vanquished

Notes
Turn   | Place    | Note
-------+----------+-------------------------------------------
     0 | D:1      | pokeman the Deep Elf Hedge Wizard began the quest for the
                  | Orb.
     0 | D:1      | Reached XP level 1. HP: 10/10 MP: 7/7
   507 | D:1      | Reached XP level 2. HP: 16/16 MP: 4/9
  1431 | D:2      | Reached skill level 5 in Spellcasting
  1431 | D:2      | Reached XP level 3. HP: 14/20 MP: 3/11
  1902 | D:2      | Reached skill level 1 in Armour
  1997 | D:2      | Reached skill level 1 in Fighting
  2005 | D:2      | Learned a level 3 spell: Mephitic Cloud
  2008 | D:2      | Learned a level 2 spell: Call Imp
  2011 | D:2      | Learned a level 2 spell: Blink
  2015 | D:2      | Learned a level 3 spell: Conjure Flame
  2756 | D:3      | Noticed Terence
  2799 | D:3      | Killed Terence
  2800 | D:3      | Reached XP level 4. HP: 25/25 MP: 1/13
  2874 | D:3      | Gained mutation: You are partially covered in iridescent
                  | scales. (AC +2) [potion of mutation]
  2874 | D:3      | Gained mutation: Your spells are a little easier to cast,
                  | but a little less powerful. [potion of mutation]
  2874 | D:3      | Gained mutation: You are strong-willed. (Will+) [potion of
                  | mutation]
  2890 | D:3      | HP: 1/25 [poisoned by a worker ant]
  3298 | D:3      | Found a faded altar of an unknown god.
  3722 | D:3      | Reached skill level 6 in Spellcasting
  3722 | D:3      | Reached XP level 5. HP: 25/29 MP: 6/15
  4096 | D:3      | Noticed Natasha
  4104 | D:3      | You fall into a shaft and drop 3 floors!
  4104 | D:6      | Found a staircase to the Ecumenical Temple.
  4105 | D:6      | Noticed Edmund
  4120 | D:5      | Entered Level 5 of the Dungeon
  4210 | D:5      | Reached skill level 1 in Fire Magic
  4229 | D:5      | Found a radiant altar of Vehumet.
  4253 | D:5      | Reached skill level 1 in Air Magic
  4253 | D:5      | Reached XP level 6. HP: 26/34 MP: 8/17
  4472 | D:5      | Became a worshipper of Vehumet
  4519 | D:5      | Reached skill level 7 in Spellcasting
  4519 | D:5      | Reached skill level 1 in Poison Magic
  4682 | D:4      | Reached skill level 1 in Evocations
  4815 | D:3      | Killed Natasha
  4863 | D:3      | Noticed Natasha
  4868 | D:3      | Killed Natasha
  5129 | D:3      | Noticed Natasha
  5134 | D:3      | Killed Natasha
  5267 | D:4      | Reached XP level 7. HP: 38/38 MP: 13/20
  5420 | D:4      | Reached skill level 8 in Spellcasting
  6194 | D:4      | Reached skill level 9 in Spellcasting
  6194 | D:4      | Reached XP level 8. HP: 5/45 MP: 3/23
  6930 | D:5      | Killed Edmund
  6951 | D:5      | Noticed Blork the orc
  6961 | D:5      | Killed Blork the orc
  7279 | D:5      | Reached skill level 5 in Conjurations
  7439 | D:5      | Reached skill level 10 in Spellcasting
  7619 | D:5      | Reached * piety under Vehumet
  7619 | D:5      | Offered knowledge of Freeze by Vehumet.
  7804 | D:5      | Found a glowing golden altar of the Shining One.
  7825 | D:5      | Found a glowing silver altar of Zin.
  7914 | D:6      | Found a hide-covered altar of Uskayaw.
  8335 | D:6      | Noticed a moth of wrath
  8338 | D:6      | Found a bloodstained altar of Trog.
  8849 | D:7      | Reached XP level 9. HP: 49/49 MP: 22/25
  9091 | D:7      | Reached skill level 5 in Fire Magic
  9124 | D:7      | Reached skill level 11 in Spellcasting
  9973 | D:7      | Found a hazy altar of Hepliaklqana.
 10160 | D:8      | Offered knowledge of Shock by Vehumet.
 10163 | D:8      | Learned a level 1 spell: Shock
 10251 | D:8      | Noticed a two-headed ogre
 10273 | D:8      | Killed a two-headed ogre
 10273 | D:8      | Reached ** piety under Vehumet
 10274 | D:8      | Reached skill level 12 in Spellcasting
 10490 | D:8      | Reached XP level 10. HP: 43/56 MP: 21/28
 10928 | D:6      | Lost mutation: You are strong-willed. (Will+) [potion of
                  | mutation]
 10928 | D:6      | Lost mutation: Your spells are a little easier to cast, but
                  | a little less powerful. [potion of mutation]
 10928 | D:6      | Lost mutation: You are partially covered in iridescent
                  | scales. (AC +2) [potion of mutation]
 10928 | D:6      | Gained mutation: You are frail. (-10% HP) [potion of
                  | mutation]
 10928 | D:6      | Gained mutation: You are occasionally teleported next to
                  | monsters. [potion of mutation]
 10928 | D:6      | Gained mutation: You are partially covered in molten
                  | scales. (AC +2) [potion of mutation]
 11221 | D:8      | Found a staircase to the Lair.
 11497 | D:9      | Found a staircase to the Orcish Mines.
 11842 | D:9      | Reached skill level 1 in Shields
 11847 | D:9      | Reached skill level 13 in Spellcasting
 11849 | D:9      | Offered knowledge of Inner Flame by Vehumet.
 12711 | D:9      | Found a sparkling altar of Nemelex Xobeh.
 12803 | D:9      | Found Affeih's Hydra Hut.
 12803 | D:9      | Noticed an eight-headed hydra
 12843 | D:9      | Learned a level 3 spell: Stone Arrow
 12938 | D:9      | Found Pogip's Book Emporium.
 13011 | D:9      | Found a burning altar of Makhleb.
 13119 | D:10     | Entered Level 10 of the Dungeon
 13119 | D:10     | Noticed Urug
 13157 | Orc:1    | Entered Level 1 of the Orcish Mines
 13159 | Orc:1    | Noticed a stone giant
 13422 | D:10     | Found a shimmering altar of Xom.
 13533 | D:10     | Slain by Urug

Illustrated notes

Levels and vault maps discovered:
D:1:      tarquinn_simple_flora_water_c, layout_basic, grunt_decor_resistance
D:2:      layout_basic
D:3:      minmay_roachtagon, layout_basic,
          chequers_ecumenical_altar_simple_redux, uniq_natasha, uniq_terence
D:4:      black_bear_nest_2, layout_rooms, minmay_unequal
D:5:      layout_cave_pools, vehumet_statue, kennysheep_mini,
          lemuel_round_altar, uniq_blork_the_orc
D:6:      layout_basic, lemuel_crystal_altar, minmay_temple_entry_stoned_glass,
          serial_glass, glass_columns_a, glass_columns_c, tgw_trog, uniq_edmund
D:7:      layout_loops_ring, nzn_hepliaklqana_mist_gate
D:8:      kennysheep_blocky_hall, layout_basic, grunt_lair_entry_orc_guard_hut
D:9:      layout_roguey, nemelex_xobeh_ov_fountains_minmay,
          lemuel_coloured_pillars_altar, david_orc_3, serial_shops,
          nicolae_shop_temple_entry_statues_fountains, doesnt_shop_hydraphobe
D:10:     layout_basic, basic_altar, uniq_urug
Orc:1:    layout_caves, serial_shops, nicolae_shop_overgrown_old_shop, shop,
          nicolae_shop_trees, shop, nicolae_alphabet_shops,
          nicolae_orc_flooded_monolith

Skill      XL: |  1  2  3  4  5  6  7  8  9 10 |
---------------+-------------------------------+-----
Spellcasting   | 5 6 7 9 10 12 13 | 13.4
Armour         | 1 2 3 |  3.0
Fighting       | 1 2 3 4 |  4.0
Conjurations   | 2 3 4 5 7 |  7.9
Stealth        | 3 |  3.0
Dodging        | 3 |  3.1
Fire Magic     | 1 3 4 6 7 |  7.1
Air Magic      | 1 |  1.0
Poison Magic   | 1 |  1.0
Evocations     | 1 |  1.0
Shields        | 2 |  2.0
Summonings     | |  1.1
Translocations | |  1.1
Earth Magic    | |  0.8

Action                   |  1- 3 |  4- 6 |  7- 9 | 10-12 || total
-------------------------+-------+-------+-------+-------++-------
Melee: Dagger            |     4 |    74 |   123 |    19 ||   220
       Short sword       |       |       |       |    56 ||    56
 Cast: Magic Dart        |   123 |   174 |   211 |    23 ||   531
       Conjure Flame     |     2 |     5 |    15 |    11 ||    33
       Mephitic Cloud    |     1 |     4 |    36 |    21 ||    62
       Call Imp          |       |     1 |     5 |     3 ||     9
       Blink             |       |       |     3 |     2 ||     5
       Shock             |       |       |     2 |    90 ||    92
       Stone Arrow       |       |       |       |     4 ||     4
  Use: Potion            |       |     6 |       |     1 ||     7
 Stab: Confused          |       |     1 |     8 |     9 ||    18
       Sleeping          |       |       |     1 |       ||     1
Armor: Robe              |     3 |       |       |       ||     3
       Leather armour    |     1 |    42 |    55 |    16 ||   114
       Troll leather arm |       |       |       |     4 ||     4
Dodge: Dodged            |    19 |    91 |   110 |    56 ||   276
       Repelled          |       |     1 |     1 |       ||     2
